 Dungeon Crawl Stone Soup version 0.27-a0-1529-g1e82c303ef (console) character file.

Game seed: 4623722330304270976

147627 jejorda2 the Phalangite (level 17, -1/128 HPs)
             Began as a Merfolk Berserker on July 11, 2021.
             Was a High Priest of Trog.
             Slain by a vault guard (11 damage)
             ... on level 14 of the Dungeon on July 12, 2021.
             The game lasted 01:17:13 (23028 turns).

jejorda2 the Phalangite (Merfolk Berserker)        Turns: 23028, Time: 01:17:13

Health: -1/128     AC: 37    Str: 22    XL:     17   Next: 47%
Magic:  17/17      EV: 11    Int:  7    God:    Trog [*****.]
Gold:   1989       SH:  0    Dex: 15    Spells: 16/16 levels left

rFire    . . .     SeeInvis .   a - +0 glaive (spect)
rCold    . . .     Faith    .   (shield currently unavailable)
rNeg     + . .     Spirit   .   L - +4 plate armour {rN+}
rPois    +         Reflect  .   k - +2 helmet
rElec    .         Harm     .   q - +2 cloak
rCorr    .         Rampage  .   u - +2 pair of gloves
Will     +++..                  O - +2 pair of boots
Stlth    ..........             p - amulet of regeneration
HPRegen  2.31/turn              m - +4 ring of protection
MPRegen  0.15/turn              n - ring of poison resistance

@: strong-willed, regenerating, slowed, studying Throwing, very slow
A: (nimble swimmer 2), mertail
a: Renounce Religion, Berserk, Trog's Hand, Brothers in Arms


You were on level 14 of the Dungeon.
You worshipped Trog.
Trog was extremely pleased with you.
You visited 3 branches of the dungeon, and saw 22 of its levels.
You also visited: Bailey, Gauntlet and Volcano.

You collected 2279 gold pieces.
You spent 290 gold pieces at shops.

Inventory:

Hand Weapons
 a - a +0 spectral glaive (weapon)
 b - the +6 glaive "Gitosch" {flame, rC++}
   (Trog gifted it to you on level 6 of the Lair of Beasts)

   It has been specially enchanted to burn those struck by it, causing extra
   injury to most foes and up to half again as much damage against particularly
   susceptible opponents.
   Big, fiery blades are also staple armaments of hydra-hunters.
   rC:        It greatly protects you from cold.
 e - a +5 antimagic halberd
 t - the +8 bardiche of Midwinter {vorpal, +Blink Will+ Dex+4}
   (Trog gifted it to you on level 14 of the Dungeon)

   It inflicts extra damage upon your enemies.
   Dex:       It affects your dexterity (+4).
   +Blink:    It lets you blink.
   Will:      It increases your willpower.
Missiles
 c - 33 poisoned darts
 d - 104 boomerangs (quivered)
 j - 14 javelins
 v - 2 throwing nets
 B - 12 curare-tipped darts
 E - 15 atropa-tipped darts
 H - 19 silver boomerangs
 R - 6 boomerangs of dispersal
 Y - 11 silver javelins
Armour
 k - a +2 helmet (worn)
 q - a +2 cloak (worn)
 u - a +2 pair of gloves (worn)
 L - a +4 plate armour of positive energy (worn)
 O - a +2 pair of boots (worn)
Jewellery
 m - a +4 ring of protection (left hand)
 n - a ring of poison resistance (right hand)
 p - an amulet of regeneration (around neck)
 D - a ring of protection from cold
 W - an amulet of guardian spirit
Wands
 g - a wand of polymorph (11)
 l - a wand of flame (61)
 y - a wand of paralysis (8)
 A - a wand of iceblast (36)
 G - a wand of acid (2)
 K - a wand of charming (28)
 U - a wand of mindburst (11)
Scrolls
 o - 10 scrolls of teleportation
 I - 3 scrolls of fear
 J - 7 scrolls of identify
 P - a scroll of silence
 V - a scroll of blinking
Potions
 f - 3 potions of flight
 h - 4 potions of lignification
 i - 6 potions of mutation
 r - 3 potions of haste
 s - 8 potions of heal wounds
 w - 4 potions of resistance
 x - 7 potions of curing
 z - 2 potions of invisibility
 F - 3 potions of attraction
 M - 3 potions of cancellation
 N - a potion of might
 Q - 3 potions of ambrosia
 S - 2 potions of berserk rage
Miscellaneous
 C - a lightning rod (4/4)


   Skills:
 - Level 10.0 Fighting
 * Level 22.1 Polearms
 - Level 16.0 Throwing
 - Level 12.0 Armour
 + Level 10.8 Dodging
 - Level 6.0 Evocations


You had 16 spell levels left.
You didn't know any spells.
Your spell library was empty.

Dungeon Overview and Level Annotations

Branches:
Dungeon (14/15)            Temple (0/1) D:5            Lair (6/6) D:9
  Swamp (0/4) Lair:3       Spider (0/4) Lair:3        Slime (0/5) Lair:6
    Orc (2/2) D:11            Elf (0/3) Orc:2        Vaults (0/5) D:13
 Bailey (visited)         Volcano (visited)         Gauntlet (visited)

Altars:
Fedhas
Gozag
Kikubaaqudgha
Sif Muna
Trog
Xom
Yredelemnul
Zin

Shops:
D:6 *   D:9 !   D:10 **   D:11 (   Orc:2 [*:?

Portals:
Pandemonium: Orc:2

Annotations:
D:13 4 runed translucent doors


Innate Abilities, Weirdness & Mutations

((You are quick and stealthy near water. (Stealth+, EV+, Speed+++)))
Your lower body shifts to a powerful aquatic tail in water.


Message History

Okay, then.
Unknown command.
Press: ? - help, . - travel, g - get item You can't see that place. [Stash: the +5 sword of Power {vorpal}] [the floor.] Unknown command.
You open the door.
The vault guard shouts! x2; The frost giant shouts!
There is an open door here.
You see here the +5 sword of Power {vorpal}.
Your ogre goes berserk!
The frost giant points at you and mumbles some strange words.
The bolt of cold hits your ogre!!
The bolt of cold hits you but does no damage.
You are confused.
You feel invigorated.
Your ogre hits the frost giant with a +0 giant club!!
The frost giant points at you and mumbles some strange words.
The bolt of cold hits your ogre!!!
Your ogre dies!
Your ogre's corpse disappears in a puff of smoke!
The bolt of cold hits you!!
* * * LOW HITPOINT WARNING * * *
The shadow dragon breathes negative energy at you.
The bolt of negative energy misses you.
Unknown command.
You're too confused to attack without stumbling around!
You feel less invigorated.
You feel less confused. The frost giant closely misses you.
You slice the frost giant!!
The frost giant is heavily wounded.
The vault guard hits you but does no damage.
The frost giant hits you with a +3 battleaxe of freezing!!
* * * LOW HITPOINT WARNING * * *
The frost giant freezes you.
* * * LOW HITPOINT WARNING * * *
The vault guard hits you from afar with a +0 halberd!
You die...

####.# #..#
#)...#####..#
##)##.....#..#
##...#####.#..#
#.....## #.#..#
#.......###.#))#
#......G..##.#))#
#...###...##.#..#
#.8.#@#.8.##.#..#
#...#C#...##.#.†#
#....Dp...##.#††#
#.....p...##.#..#
##.......###.#..#
#########.<.#..#
...........#..#
.....#.#.#....#
####.###.###.##


You could see a shadow dragon, a frost giant and 2 vault guards.

Vanquished Creatures
  Frances (D:13)
  A minotaur (Gauntlet)
  Snorg (D:12)
  2 fire dragons
  Josephine (D:13)
  The ghost of Ufotuon the Tainter, a journeyman NaVM of Cheibriados (D:11)
  3 vault guards (D:14)
  Erolcha (D:12)
  A catoblepas (Lair:6)
  9 hydras
  3 centaur warriors (D:14)
  3 two-headed ogres
  A tengu warrior (D:13)
  5 orc high priests (Orc:2)
  10 death yaks
  Nergalle (D:12)
  A soul eater (Orc:2)
  Sonja (D:12)
  A hell knight (Volcano)
  A salamander mystic (Volcano)
  A sun demon (Orc:2)
  A gelid demonspawn (Orc:2)
  An infernal demonspawn (Orc:2)
  2 wizards
  5 skeletal warriors (D:13)
  A deep troll (D:13)
  A torturous demonspawn (Orc:2)
  5 orc knights (Orc:2)
  5 ugly things
  7 orc sorcerers (Orc:2)
  3 deep elf pyromancers
  A wolf spider (Lair:6)
  3 cyclopes
  4 salamanders (Volcano)
  3 oklob plants
  2 manticores
  Joseph (D:9)
  Maurice (D:9)
  4 elephants
  A guardian serpent (Lair:6)
  2 molten gargoyles (Volcano)
  8 black mambas
  A gargoyle (D:14)
  A torpor snail (Lair:5)
  15 cane toads
  A cane toad (shapeshifter) (D:13)
  An unseen horror (D:12)
  16 komodo dragons
  An efreet (D:8)
  2 rime drakes
  A tengu conjurer (D:13)
  An ice devil (Orc:2)
  3 meliai (Lair:5)
  3 jumping spiders (Lair:3)
  5 trolls
  5 polar bears
  A queen bee (Lair:5)
  6 hornets
  Prince Ribbit (Lair:1)
  A raiju (shapeshifter) (D:13)
  Grinder (D:3)
  17 blink frogs
  5 dream sheep (Lair:3)
  A tarantella (D:12)
  A redback (shapeshifter) (D:13)
  9 flying skulls (Gauntlet)
  2 vampires
  3 shadows
  7 wraiths
  11 redbacks
  18 wyverns
  42 yaks
  4 basilisks
  A steam dragon (D:8)
  A chaos spawn (Orc:2)
  A swamp worm (Lair:3)
  11 vampire mosquitoes
  3 wargs
  An acid dragon (D:11)
  25 water moccasins
  Duvessa (D:5)
  A floating eye (Gauntlet)
  39 orc warriors
  A black bear (D:6)
  2 ice beasts
  A necrophage (D:5)
  31 wolves
  7 ogres
  14 centaurs
  4 kobold brigands
  A phantom (D:4)
  3 gnoll sergeants
  16 bullfrogs
  Dowan (D:5)
  A scorpion (D:5)
  A wyvern skeleton (D:6)
  17 wights
  33 killer bees
  11 electric eels
  5 centaur zombies
  A bullfrog zombie (D:7)
  A lava snake (Volcano)
  33 orc priests
  A hound (D:6)
  A jelly (D:6)
  A bullfrog skeleton (D:7)
  A gnoll shaman (D:7)
  Crazy Yiuf (D:2)
  Jessica (D:2)
  Terence (D:2)
  An iguana (D:6)
  25 orc wizards
  35 gnolls
  A howler monkey skeleton (D:4)
  7 adders
  2 shadow imps (Gauntlet)
  2 white imps
  An ufetubus (D:5)
  2 adder skeletons (D:4)
  A worm (shapeshifter) (D:13)
  A worm (D:2)
  2 dart slugs (D:1)
  79 orcs
  8 endoplasms
  3 giant cockroaches (D:1)
  11 goblins
  18 hobgoblins
  10 jackals
  31 kobolds
  5 quokkas
  6 ball pythons
  5 bats
  4 frilled lizards
  8 rats
839 creatures vanquished.

Vanquished Creatures (collateral kills)
  2 boulder beetles (D:8)
  A centaur warrior (D:8)
  2 death yaks (Lair:6)
  A shining eye (Gauntlet)
  A cyclops (D:8)
  An unseen horror (shapeshifter) (D:8)
  A freezing wraith (D:8)
  An efreet (D:8)
  4 flying skulls (Gauntlet)
  8 yaks (Lair:6)
  A water moccasin (Lair:6)
  A floating eye (Gauntlet)
  An ogre (Orc:1)
  An orc priest (Orc:1)
  2 orc wizards (Orc:1)
  3 orcs (Orc:1)
31 creatures vanquished.

Vanquished Creatures (others)
  An orc (D:11)
  A kobold (D:7)
  60 fungi
  77 plants
139 creatures vanquished.

Grand Total: 1009 creatures vanquished

Notes
Turn   | Place    | Note
-------+----------+-------------------------------------------
     0 | D:1      | jejorda2 the Merfolk Berserker began the quest for the Orb.
     0 | D:1      | Reached XP level 1. HP: 18/18 MP: 1/1
   181 | D:1      | Reached XP level 2. HP: 24/24 MP: 2/2
   330 | D:1      | Reached skill level 5 in Polearms
   429 | D:1      | Reached XP level 3. HP: 29/29 MP: 3/3
   747 | D:1      | Reached ** piety under Trog
   985 | D:2      | Noticed Terence
   997 | D:2      | Killed Terence
   998 | D:2      | Reached XP level 4. HP: 37/37 MP: 4/4
  1364 | D:2      | Reached skill level 6 in Polearms
  1386 | D:2      | Found a faded altar of an unknown god.
  1389 | D:2      | Noticed Jessica
  1395 | D:2      | Killed Jessica
  1643 | D:2      | Found a runed translucent door.
  1644 | D:2      | Noticed Crazy Yiuf
  1694 | D:2      | Killed Crazy Yiuf
  1695 | D:2      | Reached XP level 5. HP: 42/42 MP: 5/5
  1825 | D:3      | Noticed Grinder
  1866 | D:3      | Paralysed by Grinder for 5 turns
  1883 | D:3      | Killed Grinder
  1884 | D:3      | Reached skill level 7 in Polearms
  1884 | D:3      | Reached XP level 6. HP: 28/50 MP: 6/6
  2485 | D:3      | Reached skill level 8 in Polearms
  2786 | D:4      | Reached skill level 5 in Fighting
  2813 | D:4      | Reached XP level 7. HP: 50/56 MP: 7/7
  2948 | D:4      | Found a shimmering blue altar of Sif Muna.
  3298 | D:4      | Reached skill level 9 in Polearms
  3393 | D:4      | Reached *** piety under Trog
  3558 | D:4      | You fall into a shaft and drop 3 floors!
  3682 | D:7      | Reached XP level 8. HP: 16/60 MP: 8/8
  3685 | D:7      | Reached skill level 10 in Polearms
  3754 | D:5      | Entered Level 5 of the Dungeon
  3755 | D:5      | Found a staircase to the Ecumenical Temple.
  4165 | D:5      | Reached skill level 1 in Throwing
  4294 | D:5      | Found a shimmering altar of Xom.
  4422 | D:5      | Reached skill level 11 in Polearms
  4425 | D:5      | Noticed Duvessa
  4436 | D:5      | Killed Duvessa
  4442 | D:5      | Noticed Dowan
  4448 | D:5      | Killed Dowan
  4818 | D:6      | Reached XP level 9. HP: 66/69 MP: 9/9
  4955 | D:6      | Found Dayxtiq's Assorted Antiques.
  4963 | D:6      | Bought a scroll labelled ZOCALU LIVAF for 23 gold pieces
  4963 | D:6      | Bought a scroll labelled YCZAUX COGOPUTTEL for 23 gold
                  | pieces
  4963 | D:6      | Bought a scroll labelled AGEREKHAHI for 23 gold pieces
  5081 | D:6      | Reached skill level 12 in Polearms
  6015 | D:7      | Reached skill level 5 in Armour
  6146 | D:8      | Reached skill level 13 in Polearms
  6220 | D:8      | Reached **** piety under Trog
  6554 | D:8      | Found a blossoming altar of Fedhas.
  6557 | D:8      | Found an opulent altar of Gozag.
  6562 | D:8      | Found an ancient bone altar of Kikubaaqudgha.
  6676 | D:8      | Noticed an efreet
  6676 | D:8      | Noticed a centaur warrior
  6676 | D:8      | Noticed a boulder beetle
  6677 | D:8      | Found a runed translucent door.
  6679 | D:8      | Noticed a meliai
  6679 | D:8      | Noticed a boulder beetle
  6679 | D:8      | Noticed a cyclops
  6679 | D:8      | Noticed a freezing wraith
  6679 | D:8      | Identified the +1 troll leather armour of Mental Paralysis
                  | {rPois rF++ rC- Regen+}
  6679 | D:8      | Noticed an efreet
  6683 | D:8      | a meliai changed into something unseen
  6684 | D:8      | Killed an efreet
  6688 | D:8      | Killed a centaur warrior
  6688 | D:8      | Killed an unseen horror
  6689 | D:8      | Reached skill level 14 in Polearms
  6689 | D:8      | Reached skill level 5 in Throwing
  6689 | D:8      | Reached XP level 10. HP: 76/76 MP: 10/10
  6689 | D:8      | Killed a boulder beetle
  6691 | D:8      | Killed a cyclops
  6695 | D:8      | Killed a boulder beetle
  6970 | D:8      | Reached skill level 15 in Polearms
  7209 | D:9      | Reached skill level 16 in Polearms
  7590 | D:9      | Found Vigajuca's Distillery.
  7592 | D:9      | Reached XP level 11. HP: 63/81 MP: 11/11
  7596 | D:9      | Bought a potion of haste for 140 gold pieces
  7620 | D:9      | Noticed Maurice
  7626 | D:9      | Killed Maurice
  7627 | D:9      | Reached skill level 17 in Polearms
  7758 | D:9      | Found a basalt altar of Yredelemnul.
  7763 | D:9      | Noticed Joseph
  7771 | D:9      | Killed Joseph
  7787 | D:9      | You fall into a shaft and drop 1 floor!
  7787 | D:10     | Entered Level 10 of the Dungeon
  7787 | D:10     | Found Acsaod's General Store.
  7787 | D:10     | Found Sohecats's Assorted Antiques.
  7798 | D:10     | Bought 2 bubbling orange potions for 52 gold pieces
  7798 | D:10     | Bought a scroll labelled JILEME DUEHISU for 29 gold pieces
  7999 | D:9      | Found a staircase to the Lair.
  8274 | D:10     | Noticed a manticore
  8278 | D:10     | Killed a manticore
  8279 | D:10     | Reached skill level 18 in Polearms
  8907 | D:11     | Found Udoton's Weapon Shoppe.
  8930 | D:11     | Found a shimmering altar of Xom.
  8997 | D:11     | Reached skill level 19 in Polearms
  9050 | D:11     | Reached ***** piety under Trog
  9153 | D:11     | Found a runed translucent door.
  9214 | D:11     | Noticed a two-headed ogre
  9217 | D:11     | Killed a two-headed ogre
  9224 | D:11     | Reached skill level 20 in Polearms
  9354 | D:11     | Noticed Ufotuon's ghost (journeyman NaVM)
  9364 | D:11     | Killed Ufotuon's ghost
  9365 | D:11     | Reached skill level 1 in Evocations
  9365 | D:11     | Reached XP level 12. HP: 89/89 MP: 12/12
  9569 | D:11     | Found a staircase to the Orcish Mines.
  9756 | Lair:1   | Entered Level 1 of the Lair of Beasts
  9837 | Lair:1   | Noticed Prince Ribbit
  9843 | Lair:1   | Killed Prince Ribbit
  9848 | Lair:1   | Received a gift from Trog
  9854 | Lair:1   | Reached skill level 5 in Dodging
 10220 | Lair:1   | Noticed a four-headed hydra
 10230 | Lair:1   | Killed a four-headed hydra
 10439 | Lair:2   | Noticed a seven-headed hydra
 10450 | Lair:2   | Killed a seven-headed hydra
 10451 | Lair:2   | Reached skill level 5 in Evocations
 10572 | Lair:2   | Noticed a five-headed hydra
 10597 | Lair:2   | Killed a five-headed hydra
 10601 | Lair:2   | Noticed a death yak
 10613 | Lair:2   | Killed a death yak
 10766 | Lair:2   | Noticed a death yak
 10770 | Lair:2   | Noticed a death yak
 10774 | Lair:2   | Killed a death yak
 10775 | Lair:2   | Reached skill level 10 in Fighting
 10778 | Lair:2   | Killed a death yak
 10779 | Lair:2   | Reached XP level 13. HP: 72/103 MP: 13/13
 11202 | Lair:2   | Noticed a fire dragon
 11218 | Lair:2   | Killed a fire dragon
 11837 | Lair:3   | Found a hole to the Spider Nest.
 12219 | Lair:3   | You fall into a shaft and drop 3 floors!
 12219 | Lair:6   | Entered Level 6 of the Lair of Beasts
 12232 | Lair:6   | Identified the +6 glaive "Gitosch" {flame, rC++} (Trog
                  | gifted it to you on level 6 of the Lair of Beasts)
 12232 | Lair:6   | Received a gift from Trog
 12601 | Lair:4   | Found a dark tunnel.
 12625 | Volcano  | Entered a volcano
 12729 | Volcano  | Found a burning altar of Makhleb.
 13148 | Lair:3   | Reached XP level 14. HP: 110/110 MP: 14/14
 13159 | Lair:3   | Found a staircase to the Swamp.
 13175 | Lair:3   | Reached skill level 10 in Throwing
 15077 | Lair:5   | Received a gift from Trog
 15519 | Lair:6   | Identified a scroll of acquirement
 15519 | Lair:6   | Acquired a manual of Throwing
 15649 | Lair:6   | Reached skill level 10 in Armour
 15717 | Lair:6   | Identified the +4 ring mail of Ruisk {rElec rF+ Regen+}
 16088 | Lair:6   | Reached XP level 15. HP: 115/115 MP: 15/15
 16469 | Lair:6   | Found a staircase to the Slime Pits.
 16895 | Lair:3   | Reached skill level 15 in Throwing
 17096 | Orc:1    | Entered Level 1 of the Orcish Mines
 17108 | Orc:1    | Received a gift from Trog
 17225 | Orc:1    | Found a flagged portal.
 17242 | Bailey   | Entered a bailey
 17401 | Bailey   | Reached XP level 16. HP: 122/122 MP: 16/16
 17892 | Orc:2    | Entered Level 2 of the Orcish Mines
 17933 | Orc:2    | Found a staircase to the Elven Halls.
 17970 | Orc:2    | Received a gift from Trog
 18117 | Orc:2    | Found Wagon's Magic Scroll Shoppe.
 18134 | Orc:2    | Reached ****** piety under Trog
 18679 | Orc:2    | Found Orick's General Store.
 19032 | Orc:2    | Found a bloodstained altar of Trog.
 19846 | Orc:2    | Received a gift from Trog
 19954 | Orc:2    | Found Waedapna's Antique Armour Boutique.
 19954 | Orc:2    | Found Torek's Book Shop.
 19959 | Orc:2    | Found a one-way gate leading to the halls of Pandemonium.
 20165 | D:12     | Noticed Nergalle
 20171 | D:12     | Killed Nergalle
 20270 | D:12     | Found a glowing silver altar of Zin.
 20301 | D:12     | Noticed Snorg
 20311 | D:12     | Killed Snorg
 20325 | D:12     | gold past rock
 20369 | D:12     | Noticed Sonja
 20400 | D:12     | Noticed Erolcha
 20405 | D:12     | Killed Erolcha
 20458 | D:12     | Killed Sonja
 21161 | D:13     | Reached XP level 17. HP: 108/128 MP: 17/17
 21284 | D:13     | Noticed Josephine
 21293 | D:13     | Killed Josephine
 21294 | D:13     | Reached skill level 21 in Polearms
 21412 | D:13     | Found a huge runed translucent gate.
 21413 | D:13     | Found a huge runed translucent gate.
 21415 | D:13     | Found a huge runed translucent gate.
 21416 | D:13     | Found a huge runed translucent gate.
 21466 | D:13     | Noticed Frances
 21476 | D:13     | Killed Frances
 21633 | D:13     | Identified the +3 hand crossbow of the Ship {flame, rC+
                  | Will+}
 22048 | D:13     | Found a gate to the Vaults.
 22193 | D:14     | Reached skill level 10 in Dodging
 22250 | D:14     | Found a gate leading to a gauntlet.
 22261 | Gauntlet | Entered a Gauntlet
 22261 | Gauntlet | Found a transporter.
 22261 | Gauntlet | Found a transporter.
 22261 | Gauntlet | Found a runed translucent door.
 22261 | Gauntlet | Found a runed translucent door.
 22272 | Gauntlet | Found a transporter.
 22276 | Gauntlet | Found a transporter.
 22284 | Gauntlet | Found a transporter.
 22288 | Gauntlet | Found a transporter.
 22298 | Gauntlet | Found a transporter.
 22316 | Gauntlet | Found a transporter.
 22333 | Gauntlet | Found a transporter.
 22337 | Gauntlet | Found a transporter.
 22348 | Gauntlet | Found a transporter.
 22349 | Gauntlet | Found a transporter.
 22421 | Gauntlet | Identified the ring of the Tormentor {Str+4 Int+6}
 22465 | Gauntlet | Identified the ring of the Death Scarab {Int+6 Dex+2
                  | Slay+3}
 22555 | Gauntlet | Identified the +1 helmet of Chill Winds {Harm rN++ rCorr
                  | Dex-5}
 22736 | D:14     | Identified the +8 bardiche of Midwinter {vorpal, +Blink
                  | Will+ Dex+4} (Trog gifted it to you on level 14 of the
                  | Dungeon)
 22736 | D:14     | Received a gift from Trog
 22932 | D:14     | Reached skill level 22 in Polearms
 22995 | D:14     | Noticed a sphinx
 22996 | D:14     | Found the +5 sword of Power {vorpal}
 23015 | D:14     | Paralysed by a sphinx for 5 turns
 23028 | D:14     | Slain by a vault guard

Illustrated notes

..+.....# . #.....#
.>...# . #.....# ##
#....#
#.....##.#.#....#
#........#.#....#
###........#.#....#
...........+.#<...#
.#####.....#.#....#
## ##....#.#..@.#
#########..#.#....#
#...#####..'.#....#
#..##$$##..#.#.†#.#
'._#$$$##..#?#.[#.#
#..##$$##..#.'..#.#
#...#####..#.#..#.#
###### #..#.#..#.#
## ...#.#..#.#


Turn 20325 on D:12: gold past rock

Levels and vault maps discovered:
D:1:      lightli_arrival_lavapool, layout_basic,
          amcnicky_mini_rare_corridor_liquid, corexii_item_surrounded_by_moat,
          nrook_mini_backslash
D:2:      layout_loops_ring, chequers_ecumenical_altar_simple,
          uniq_crazy_yiuf_cottage, uniq_jessica, uniq_terence
D:3:      layout_rooms, minivault_27, uniq_grinder
D:4:      layout_basic, mainiacjoe_overflow_brackets, serial_glass,
          glass_columns_a, glass_columns_b, glass_columns_b, glass_columns_b,
          glass_columns_a, glass_columns_b
D:5:      layout_loops_cross, mainiacjoe_overflow_cross_hatched,
          minmay_temple_entry_large_hall, st_stairs_14, uniq_duvessa
D:6:      layout_gridville, serial_shops,
          nicolae_shop_temple_entry_statues_fountains
D:7:      layout_rooms, hangedman_abyss_or_decor_lesser_grid
D:8:      minmay_gate_of_8, layout_basic, grunt_temple_overflow_diamond
D:9:      layout_rooms, nicolae_overflow_crystal_walls, david_lair_shrubbed,
          serial_shops, nicolae_shop_temple_entry_statues_fountains,
          serial_bayou, serial_bayou_shore_b, serial_bayou_pond_c,
          serial_bayou_pond_b, serial_bayou_shore_a, serial_bayou_pond_d,
          serial_bayou_lagoon_b, uniq_maurice, uniq_joseph
D:10:     layout_roguey, nicolae_wooded_promenade, mrwooster_statue_mirror,
          minmay_unpleasant_kobolds
D:11:     layout_roguey, erik_orc_2, ebering_ghost_reflecting_pool,
          serial_shops, shop, xom_teletrap_fun
D:12:     layout_stronghold, zin_treasury, uniq_snorg, uniq_nergalle,
          uniq_erolcha, uniq_sonja
D:13:     lemuel_bear_cage, layout_loops_ring, david_vaults_4, uniq_josephine,
          uniq_frances
D:14:     minmay_guarded_unrand_sword_of_power, layout_basic,
          chequers_arboretum, gauntlet_entry_generic, st_stairs_9,
          wad_rectangle_vault
Lair:1:   layout_gridlike, st_stairs_11, uniq_prince_ribbit2
Lair:2:   dragon1_lemuel, layout_regular_city, infiniplex_staircase_pool
Lair:3:   layout_cave_pods, minmay_swamp_entry_worms,
          nicolae_spider_entry_tight_spaces, nzn_random_ring, lemuel_fruit_tree,
          grunt_megastairs_1
Lair:4:   layout_roguey, nicolae_volcano_entry_lava_flow, grunt_megastairs_5
Lair:5:   layout_cave_pods, special_room [special_room_bee], grunt_megastairs_2
Lair:6:   hangedman_lair_tendril_chambers, layout_layer_cave,
          minmay_slime_entry_oklob_enclosed
Orc:1:    layout_caves, lightli_bailey_entry_fortress
Orc:2:    pf_orc_diabolical, layout_caves, basic_altar

Skill      XL: |  1  2  3  4  5  6  7  8  9 10 11 12 13 14 15 16 17 |
---------------+----------------------------------------------------+-----
Polearms       | 5 6 7 8 9 11 14 16 20 22 | 22.1
Armour         | 2 3 4 5 6 8 10 11 12 | 12.0
Fighting       | 4 5 6 10 | 10.0
Throwing       | 2 5 6 9 13 16 | 16.0
Dodging        | 3 6 8 10 | 10.8
Evocations     | 1 6 |  6.0

Action                   |  1- 3 |  4- 6 |  7- 9 | 10-12 | 13-15 | 16-18 || total
-------------------------+-------+-------+-------+-------+-------+-------++-------
Melee: Spear             |   109 |   164 |       |       |       |       ||   273
       Trident           |       |    21 |   138 |    18 |    22 |       ||   199
       Halberd           |       |       |   248 |    78 |       |     5 ||   331
       Glaive            |       |       |       |   258 |   742 |   440 ||  1440
       Tailslap          |       |       |       |     3 |     2 |       ||     5
Throw: Dart              |       |       |     1 |     4 |       |       ||     5
       Boomerang         |       |       |       |     3 |    12 |   208 ||   223
Invok: Berserk           |     1 |     4 |     6 |     5 |     7 |     5 ||    28
       Trog's Hand       |       |     4 |     3 |     1 |     3 |     4 ||    15
       Brothers in Arms  |       |       |     1 |       |     2 |     3 ||     6
  Use: Scroll            |       |     4 |    11 |     5 |     7 |     1 ||    28
       Potion            |       |       |     3 |       |     2 |     1 ||     6
 Stab: Sleeping          |     1 |       |       |       |       |       ||     1
       Invisible         |       |       |     5 |       |       |       ||     5
       Distracted        |       |       |       |     3 |    10 |     6 ||    19
       Petrified         |       |       |       |       |     1 |       ||     1
Armor: Animal skin       |     3 |       |       |       |       |       ||     3
       Leather armour    |     9 |       |       |       |       |       ||     9
       Scale mail        |       |     3 |       |       |       |       ||     3
       Chain mail        |       |    75 |   188 |       |       |       ||   263
       Ring mail         |       |       |       |    65 |       |       ||    65
       Plate armour      |       |       |       |    46 |   415 |   212 ||   673
       Fire dragon scale |       |       |       |       |    17 |       ||    17
Dodge: Dodged            |    32 |    49 |   135 |   101 |   229 |   117 ||   663

Table legend: (Time is in decaauts)
 A = Elapsed time spent in this place.
 B = Non-inter-level travel time spent in this place.
 C = Inter-level travel time spent in this place.
 D = Time resting spent in this place.
 E = Time spent auto-exploring this place.
 F = Levels seen in this place.
 G = Mean time per level.
                   A        B        C        D        E       F      G
               +--------+--------+--------+--------+--------+-----+--------+
         Total |  22518 |  21439 |   1079 |   2536 |  14208 |  25 |  900.7 |
       Dungeon |  12150 |  11490 |    660 |    605 |   8571 |  14 |  867.9 |
          Lair |   6765 |   6402 |    363 |    518 |   4478 |   6 | 1127.5 |
  Orcish Mines |   2653 |   2599 |     54 |   1288 |    802 |   2 | 1326.5 |
        Bailey |    234 |    234 |      0 |      0 |    135 |   1 |  234.0 |
       Volcano |    275 |    275 |      0 |      0 |     89 |   1 |  275.0 |
      Gauntlet |    438 |    438 |      0 |    123 |    132 |   1 |  438.0 |
               +--------+--------+--------+--------+--------+-----+--------+

Top non-repeatable levels by time:
   Orc:2: 2110 daAuts
  Lair:6: 1459 daAuts
  Lair:3: 1314 daAuts
  Lair:5: 1222 daAuts
  Lair:2: 1165 daAuts
     D:4: 1134 daAuts
     D:9: 1067 daAuts
    D:13: 1041 daAuts
     D:2: 972 daAuts
  Lair:4: 949 daAuts
    D:12: 932 daAuts
     D:8: 911 daAuts
     D:1: 893 daAuts
    D:11: 864 daAuts
     D:6: 848 daAuts
